Map: Acid Plant LE

Players

fruitcake

  • Race: Terran Terran
  • Spawn Location: 11:00

A.I. 1 (Harder) - Winner!

  • Race: Protoss Protoss
  • Spawn Location: 5:00

VOD

Have the link to the VOD?

Description

Time

  • Played on: May 5, 2018, 2:25 p.m.
  • Length: 17:05
Show
View Real Time Build Order
Export as new Build Order

fruitcake Terran 

Build Orders: MMM Bio 

Get SALT Encoding   

  12  0:01  SCV  
  13  0:14  Supply Depot  
  13  0:27  SCV  
  14  0:40  SCV  
  14  0:41  Barracks  
  15  0:50  Refinery  
  15  0:52  SCV  
  16  1:04  SCV  
  16  1:10  Refinery  
  17  1:16  SCV  
  18  1:27  Marine  
  18  1:28  SCV  
  20  1:40  SCV  
  20  1:45  Marine  
  22  1:52  SCV  
  23  1:57  Command Center  
  23  2:17  Supply Depot  
  23  2:28  Factory  
  23  2:38  Marine  
  23  2:39  SCV  
  25  2:44  Supply Depot  
  25  2:46  Supply Depot  
  25  2:51  SCV  
  26  2:56  Marine  
  27  3:08  Engineering Bay  
  27  3:13  SCV  
  27  3:19  Orbital Command  
  28  3:25  SCV  
  29  3:36  Barracks Tech Lab  
  29  3:37  SCV  
  29  3:40  Starport  
  30  3:48  Cyclone  
  33  3:50  SCV  
  33  3:52  SCV  
  35  4:02  SCV, Marine, Refinery  
  36  4:03  Refinery  
  36  4:09  Terran Infantry Weapons Level 1  
  37  4:14  SCV  
  38  4:20  Marine, Cyclone  
  38  4:21  SCV  
  43  4:26  SCV  
  43  4:31  Stimpack  
  44  4:32  Medivac  
  44  4:33  SCV  
  47  4:40  Marauder  
  47  4:42  SCV  
  50  4:45  SCV  
  51  4:54  SCV  
  51  4:57  SCV  
  51  4:59  Factory Reactor  
  53  5:01  Marine  
  53  5:06  SCV  
  55  5:08  Barracks  
  55  5:10  SCV  
  55  5:13  Medivac  
  58  5:18  SCV  
  58  5:20  Marauder  
  61  5:22  SCV  
  62  5:32  Supply Depot  
  62  5:37  Supply Depot  
  62  5:40  Supply Depot  
  62  5:53  Marine, SCV, Medivac  
  66  5:57  Cyclone  
  66  5:58  Cyclone  
  72  6:05  SCV  
  75  6:11  Marauder  
  75  6:16  Barracks Tech Lab  
  75  6:17  SCV  
  76  6:19  Barracks Reactor  
  76  6:25  Medivac  
  78  6:29  SCV, Cyclone  
  78  6:31  Cyclone  
  78  6:32  Marine  
  86  6:36  Supply Depot  
  86  6:39  Terran Infantry Armor Level 1  
  86  6:41  Supply Depot  
  86  6:48  Armory  
  86  6:58  Medivac, Marauder  
  86  7:00  Supply Depot  
  90  7:04  Supply Depot  
  90  7:06  Command Center  
  90  7:19  Marine  
  91  7:38  Marauder  
  93  7:47  SCV  
  93  7:48  SCV  
  93  7:51  Marine x2  
  97  7:53  Medivac  
  97  7:57  Cyclone x2  
  105  7:58  Marine  
  105  8:00  SCV  
  105  8:04  Barracks  
  107  8:06  Terran Vehicle Weapons Level 1  
  107  8:08  Marine  
  107  8:09  Marine  
  109  8:16  Marine  
  110  8:23  Medivac  
  110  8:26  Marine x2  
  114  8:29  Cyclone x2  
  120  8:35  Marauder  
  122  8:44  Marine x2  
  124  8:53  Medivac  
  124  8:55  Barracks  
  126  8:56  Marauder  
  126  9:01  SCV, Cyclone, Refinery  
  126  9:02  Marine  
  133  9:04  Refinery  
  133  9:11  Supply Depot  
  133  9:17  Orbital Command  
  133  9:29  Concussive Shells  
  133  9:32  Marine x2  
  133  9:33  SCV, Cyclone, Medivac  
  133  9:35  Supply Depot  
  141  9:57  Marine x2, Cyclone, Marauder  
  141  9:58  Supply Depot  
  149  10:11  Combat Shields  
  144  10:18  Marine  
  144  10:19  Marine, Medivac, Marauder  
  144  10:20  Cyclone  
  130  10:21  Supply Depot  
  105  10:29  Cyclone  
  105  10:36  Marine  
  105  10:37  Marine  
  105  10:40  Marauder  
  109  10:49  Medivac  
  111  10:54  Marine x2  
  113  11:01  Marauder  
  115  11:12  Marine x2  
  117  11:19  Medivac  
  117  11:23  Marauder  
  106  11:30  Marine x2  
  104  11:35  Cyclone x2  
  105  11:44  Marauder  
  103  11:47  Marine  
  103  11:48  Marine  
  102  12:05  Marine  
  102  12:06  Marine, Marauder  
  102  12:07  Liberator, Cyclone x2  
  98  12:23  Marine  
  98  12:24  Marine  
  98  12:27  Marauder  
  104  12:39  Cyclone x2  
  104  12:41  Marine x2  
  112  12:48  Marauder  
  112  12:50  Liberator  
  114  12:56  Marine  
  115  12:59  Marine x2  
  117  13:06  Command Center  
  117  13:10  Marauder  
  117  13:11  Cyclone x2  
  128  13:14  Marine  
  128  13:17  Marine x2  
  131  13:31  Marine  
  131  13:32  Marine  
  131  13:33  Liberator  
  133  13:34  Marine  
  133  13:35  Marine  
  135  13:46  Cyclone x2  
  138  13:49  Marine, Marauder  
  138  13:52  Marine  
  138  13:53  Marine  
  134  14:07  Marine  
  115  14:10  Marine x2, Marauder  
  119  14:18  Cyclone  
  119  14:19  Cyclone  
  119  14:22  SCV  
  126  14:25  Marine  
  126  14:28  Marine x2  
  129  14:31  Refinery  
  129  14:32  Marauder  
  129  14:33  Medivac  
  129  14:34  SCV  
  134  14:43  Marine  
  135  14:46  Marine x2, SCV  
  135  14:50  Cyclone  
  141  14:53  Marauder  
  141  14:57  Refinery  
  143  15:01  Marine  
  143  15:03  Marine, Medivac  
  143  15:04  Marine  
  148  15:12  Command Center  
  148  15:15  Marauder  
  148  15:19  Marine  
  151  15:21  Marine  
  151  15:22  Marine  
  153  15:33  Medivac  
  155  15:36  Marine, Orbital Command, Marauder  
  155  15:39  Marine x2  
  160  15:54  Marine  
  161  15:57  Marine x2, Marauder  
  165  16:17  Supply Depot x2  
  165  16:18  Supply Depot x2  
  165  16:20  Supply Depot  
  165  16:24  Marine x3, Medivac, Marauder  
  172  16:37  SCV  
  173  16:42  Supply Depot  
  161  16:49  SCV  
Show
View Real Time Build Order
Export as new Build Order

A.I. 1 (Harder) Protoss - Winner!

Build Orders: 1 Gate Expand 

Get SALT Encoding   

  12  0:00  Probe  
  13  0:13  Probe  
  14  0:20  Pylon  
  14  0:25  Probe  
  15  0:34  Probe  
  15  0:42  Probe  
  17  0:50  Gateway  
  17  1:09  Probe  
  17  1:10  Nexus  
  18  1:29  Pylon  
  18  1:32  Assimilator  
  18  1:36  Zealot  
  20  1:43  Cybernetics Core  
  20  1:44  Probe  
  21  1:56  Probe  
  22  2:07  Gateway  
  22  2:09  Probe  
  23  2:16  Assimilator  
  23  2:19  Probe  
  24  2:22  Stalker  
  24  2:27  Probe  
  27  2:41  Assimilator  
  27  2:46  Warp Gate  
  27  2:47  Adept  
  27  2:50  Pylon  
  27  2:51  Probe  
  27  2:55  Probe  
  31  3:03  Probe  
  31  3:04  Adept  
  34  3:07  Probe  
  35  3:14  Probe  
  35  3:19  Probe  
  37  3:23  Probe  
  37  3:26  Gateway  
  38  3:32  Stalker  
  40  3:49  Sentry  
  42  4:09  Robotics Facility  
  42  4:12  Stargate  
  42  4:26  Assimilator  
  42  4:33  Pylon, Probe  
  42  4:35  Probe  
  44  4:45  Probe  
  45  4:46  Forge  
  45  4:55  Probe  
  45  4:56  Probe, Immortal  
  51  5:00  Protoss Ground Weapons Level 1  
  51  5:07  Probe  
  51  5:08  Probe  
  51  5:11  Pylon  
  51  5:13  Void Ray  
  57  5:17  Probe  
  57  5:19  Probe  
  59  5:29  Probe  
  59  5:30  Zealot  
  59  5:31  Probe  
  63  5:36  Pylon  
  63  5:41  Probe  
  64  5:43  Probe  
  64  5:48  Zealot  
  67  5:53  Probe  
  67  5:55  Probe  
  69  5:59  Pylon  
  69  6:05  Stalker, Probe  
  72  6:17  Probe x2  
  74  6:18  Pylon  
  74  6:22  Stalker  
  76  6:29  Probe  
  76  6:30  Probe  
  78  6:39  Stalker  
  80  6:41  Pylon  
  80  6:42  Probe x2  
  80  6:44  Protoss Ground Armor Level 1  
  82  6:56  Sentry  
  82  6:59  Oracle  
  82  7:00  Observer  
  82  7:01  Photon Cannon  
  88  7:04  Pylon  
  88  7:08  Photon Cannon  
  88  7:10  Pylon  
  88  7:13  Pylon  
  88  7:19  Twilight Council  
  88  7:21  Observer  
  88  7:22  Forge  
  89  7:34  Photon Cannon  
  89  7:35  Void Ray  
  89  7:36  Photon Cannon  
  93  7:43  Immortal  
  97  8:16  Immortal  
  101  9:10  Protoss Ground Armor Level 2, Warp Prism  
  101  9:20  Void Ray x2, Protoss Ground Weapons Level 2  
  107  9:24  Void Ray  
  107  9:25  Robotics Bay  
  107  9:27  Pylon  
  107  9:28  Nexus  
  107  9:36  Protoss Air Weapons Level 1  
  107  9:45  Warp Prism  
  109  9:56  Pylon  
  109  9:59  Observer Gravitic Boosters  
  109  10:20  Robotics Facility  
  99  10:21  Disruptor  
  99  10:23  Pylon  
  99  10:26  Sentry  
  84  10:34  Zealot  
  69  10:40  Probe  
  69  10:41  Probe x2  
  69  10:42  Stalker  
  74  10:48  Gateway  
  74  10:49  Assimilator  
  74  10:50  Stalker  
  74  10:52  Probe  
  74  10:53  Assimilator, Probe x2  
  74  10:54  Gravitic Drive  
  74  10:57  Stargate, Warp Prism  
  79  10:58  Stalker  
  83  11:04  Probe  
  83  11:06  Sentry  
  83  11:07  Observer, Protoss Shields Level 1  
  87  11:12  Probe  
  87  11:13  Void Ray  
  87  11:14  Protoss Air Armor Level 1  
  90  11:20  Probe  
  90  11:22  Sentry  
  82  11:30  Stalker  
  81  11:35  Probe x2, Warp Prism  
  81  11:36  Probe  
  81  11:38  Sentry  
  72  11:46  Zealot  
  69  11:47  Probe  
  69  11:48  Probe  
  69  11:53  Pylon  
  69  11:54  Stalker  
  69  11:56  Pylon  
  59  12:01  Stalker  
  59  12:02  Pylon  
  55  12:09  Sentry  
  55  12:10  Warp Prism  
  57  12:17  Stalker  
  57  12:21  Stargate  
  59  12:24  Gateway  
  59  12:25  Zealot  
  59  12:27  Pylon  
  59  12:28  Warp Prism  
  61  12:33  Sentry  
  61  12:36  Probe  
  65  12:37  Probe x2  
  65  12:41  Void Ray  
  70  12:44  Probe  
  70  12:48  Disruptor  
  70  12:49  Probe  
  75  12:51  Probe  
  75  12:52  Probe  
  75  12:53  Protoss Shields Level 2  
  75  12:56  Void Ray  
  81  13:01  Probe  
  81  13:03  Probe  
  81  13:04  Disruptor  
  86  13:06  Templar Archives  
  86  13:07  Probe  
  87  13:13  Probe  
  87  13:15  Fleet Beacon  
  87  13:19  Nexus  
  88  13:24  Disruptor  
  91  13:39  Zealot  
  91  13:40  Disruptor  
  96  13:41  Carrier  
  96  13:42  Zealot  
  96  13:46  Stalker  
  100  13:49  Adept  
  102  14:00  Immortal  
  112  14:03  Phoenix  
  112  14:06  Zealot  
  110  14:11  Stalker  
  110  14:14  Stalker  
  104  14:18  Stalker  
  104  14:20  Sentry  
  108  14:26  Zealot  
  108  14:29  Zealot  
  112  14:37  Zealot  
  114  14:41  Stalker  
  114  14:43  Stalker  
  118  14:47  Stalker  
  118  14:51  Stalker  
  122  14:57  Adept  
  124  15:02  Phoenix  
  124  15:04  Sentry  
  124  15:07  Immortal  
  130  15:11  Probe  
  130  15:13  Probe  
  134  15:15  Probe  
  134  15:17  Probe  
  136  15:23  Probe  
  136  15:26  Probe x2  
  139  15:29  Probe  
  139  15:35  Probe x2  
  140  15:36  Probe  
  143  15:58  Graviton Catapult  
  159  16:51  Zealot  
  138  16:55  Zealot  
  138  16:59  Stalker  
  130  17:04  Assimilator, Stalker  
Tags
 
Add a new tag
Caveats
  • Supply blocks, unpowered buildings, or Contaminate may cause inaccurate times.
  • Supply counts are checked every 10 seconds.